cohdb
Replays
Latest Replays
All Replays
Popular Replays
Top Player Replays
Match Explorer
How It Works
Community
CoH3 Stats
Reddit
Sign in to upload your games and track your stats! →
Sign in with Steam
Match 42243508
Unlisted
Match 42243508
Overview
Messages
Build Orders
End
Construct Barracks
Riflemen Squad
Selects Special Operations Battlegroup
Selects Special Operations Battlegroup
M1 Mortar Team
Riflemen Squad
Grenade Package
Riflemen Squad
Construct Medical Station
Infantry Support Center
M1918 Browning Automatic Rifles
Riflemen Squad
Selects M29 Weasel with M1 Pack Howitzer
Selects M29 Weasel Recon Vehicle
Selects Mark Vehicle
Selects Raiding Flares
Raiding Flares
Engineer Squad
Raiding Flares
Construct Tank Depot
Selects UNKNOWN (2162291)
M18 Hellcat Tank Destroyer
Mark Vehicle
M4A1 Sherman Whizbang
Raiding Flares
Mark Vehicle
Selects SSF Commando Squad
Selects Assault Operation
M18 Hellcat Tank Destroyer
Raiding Flares
Riflemen Squad
M4A1 Sherman Whizbang
Raiding Flares
Mark Vehicle
Mark Vehicle
M18 Hellcat Tank Destroyer
Scorps
PECANPIE1010
timezzzz
Rappy The Rapper
Anhangá
Lation_kasler
Moltke1871
ionwood
0
0
Comments
sign in to comment!
No comments posted yet!